General information
- name: BNet
- type: Ladder team game (AT/RT)
- host: Battle.net
- saver: Orvithine
map: DragonFalls
- players: 8
- length: 19:22
- speed: Fast
- version: 1.26 W3XP
- replay type: Public
» download(121 KB)
Players
team 1 (loser)

»
Gwn (
orange | 41 APM | 731 actions | 17:41)
5 Tauren Chieftain
3 Endurance Aura
2 War Stomp
» actions
| Assign group hotkey | 10 | |
| Basic commands | 75 | |
| Build / train | 67 | |
| Enter build submenu | 21 | |
| Enter hero's abilities submenu | 5 | |
| Give item / drop item | 1 | |
| Right click | 173 | |
| Select / deselect | 188 | |
| Select group hotkey | 135 | |
| Use ability | 56 | |
731 total
» units
| Peon | 18 | |
| Grunt | 7 | |
| Shaman | 3 | |
| Troll Witch Doctor | 3 | |
| Kodo Beast | 1 | |
| Demolisher | 1 | |
33 total
» upgrades
| Pillage | 1 | |
| Spiked Barricades | 2 | |
| Armor | 1 | |
| Shaman Training | 2 | |
| Witch Doctor Training | 2 | |
| Spirit Walker Training | 1 | |
| Berserker Strength | 1 | |
| War Drums Damage Increase | 1 | |
| Burning Oil | 1 | |
12 total
» buildings
| Orc Burrow | 6 | |
| Altar of Storms | 1 | |
| Barracks | 2 | |
| Voodoo Lounge | 1 | |
| War Mill | 2 | |
| Great Hall | 3 | |
| Stronghold | 4 | |
| Spirit Lodge | 3 | |
| Beastiary | 2 | |
| Fortress | 1 | |
| Watch Tower | 1 | |
26 total
» build order
00:10 Orc Burrow
00:23 Altar of Storms
00:49 Barracks
01:40 Voodoo Lounge
02:15 Orc Burrow
02:25 War Mill
02:42 Barracks
02:50 War Mill
02:58 Orc Burrow
03:57 Orc Burrow
06:44 Great Hall
06:53 Stronghold
06:53 Stronghold
06:54 Stronghold
06:54 Stronghold
07:54 Orc Burrow
09:21 Spirit Lodge
09:27 Spirit Lodge
09:35 Spirit Lodge
09:41 Beastiary
09:48 Beastiary
10:57 Fortress
11:50 Orc Burrow
15:11 Watch Tower
16:10 Great Hall
16:36 Great Hall
» items
| Healing Salve | 4 | |
| Scroll of Speed | 1 | |
| Orb of Lightning | 2 | |
| Scroll of Town Portal | 1 | |
8 total

»
volc4 (
pink | 29 APM | 567 actions | 19:20)
3 Death Knight
1 Death Coil
1 Death Pact
1 Unholy Aura
» actions
| Build / train | 26 | |
| Enter build submenu | 13 | |
| Enter hero's abilities submenu | 3 | |
| Right click | 393 | |
| Select / deselect | 116 | |
| Use ability | 16 | |
567 total
» units
| Acolyte | 1 | |
| Ghoul | 6 | |
| Crypt Fiend | 4 | |
| Gargoyle | 7 | |
18 total
» upgrades
» buildings
| Altar of Darkness | 1 | |
| Crypt | 1 | |
| Graveyard | 1 | |
| Ziggurat | 4 | |
| Halls of the Dead | 1 | |
| Black Citadel | 1 | |
9 total
» build order
00:50 Altar of Darkness
01:05 Crypt
01:34 Graveyard
01:47 Ziggurat
02:34 Ziggurat
02:58 Ziggurat
08:12 Ziggurat
11:13 Halls of the Dead
14:38 Black Citadel
d5auto (
blue | 39 APM | 696 actions | 17:46)
4 Paladin
1 Holy Light
2 Devotion Aura
1 Divine Shield
2 Mountain King
1 Storm Bolt
1 Bash
» actions
| Build / train | 82 | |
| Enter build submenu | 27 | |
| Enter hero's abilities submenu | 6 | |
| Give item / drop item | 4 | |
| Right click | 304 | |
| Select / deselect | 230 | |
| Use ability | 43 | |
696 total
» units
| Peasant | 17 | |
| Footman | 8 | |
| Mortar Team | 1 | |
| Rifleman | 2 | |
| Flying Machine | 22 | |
| Goblin Shredder | 1 | |
51 total
» upgrades
| Gunpowder | 2 | |
| Plating | 2 | |
| Masonry | 1 | |
| Lumber Harvesting | 2 | |
| Flak Cannons | 1 | |
| Flying Machine Bombs | 1 | |
9 total
» buildings
| Barracks | 1 | |
| Farm | 13 | |
| Altar of Kings | 1 | |
| Lumber Mill | 1 | |
| Blacksmith | 1 | |
| Arcane Vault | 1 | |
| Town Hall | 2 | |
| Keep | 2 | |
| Castle | 1 | |
| Workshop | 4 | |
| Scout Tower | 2 | |
| Guard Tower | 2 | |
31 total
» build order
00:30 Barracks
00:47 Farm
00:54 Altar of Kings
01:27 Farm
01:43 Lumber Mill
02:13 Farm
02:42 Blacksmith
02:53 Farm
02:58 Farm
03:21 Arcane Vault
04:28 Farm
05:46 Town Hall
05:58 Keep
06:48 Farm
07:49 Farm
08:20 Castle
08:30 Workshop
08:32 Workshop
08:35 Workshop
08:40 Workshop
10:04 Farm
10:48 Farm
11:37 Farm
12:40 Scout Tower
12:44 Farm
12:47 Farm
13:21 Guard Tower
13:26 Scout Tower
14:41 Guard Tower
15:11 Town Hall
16:21 Keep
» items
| Scroll of Regeneration | 4 | |
| Lesser Clarity Potion | 2 | |
| Potion of Healing | 1 | |
| Orb of Fire | 1 | |
| Potion of Mana | 1 | |
9 total
mass_attack (
teal | 57 APM | 907 actions | 15:55)
3 Tauren Chieftain
1 War Stomp
2 Endurance Aura
» actions
| Assign group hotkey | 32 | |
| Build / train | 49 | |
| Enter build submenu | 19 | |
| Enter hero's abilities submenu | 3 | |
| Give item / drop item | 1 | |
| Right click | 399 | |
| Select / deselect | 151 | |
| Select group hotkey | 204 | |
| Use ability | 49 | |
907 total
» units
» upgrades
| Melee Weapons | 3 | |
| Armor | 3 | |
| Berserker Strength | 1 | |
| Pulverize | 1 | |
8 total
» buildings
| Barracks | 1 | |
| Orc Burrow | 5 | |
| Altar of Storms | 1 | |
| Voodoo Lounge | 1 | |
| War Mill | 2 | |
| Stronghold | 1 | |
| Watch Tower | 7 | |
| Fortress | 1 | |
| Tauren Totem | 1 | |
20 total
» build order
00:27 Barracks
00:32 Orc Burrow
00:43 Orc Burrow
01:45 Altar of Storms
02:28 Voodoo Lounge
03:01 War Mill
05:03 Stronghold
05:13 Orc Burrow
06:45 Watch Tower
06:50 Watch Tower
07:01 Watch Tower
07:37 Fortress
09:58 Orc Burrow
10:07 War Mill
10:10 Orc Burrow
10:29 Tauren Totem
11:32 Watch Tower
11:34 Watch Tower
13:43 Watch Tower
14:17 Watch Tower
» items
| Scroll of Speed | 5 | |
| Lesser Clarity Potion | 2 | |
| Healing Salve | 3 | |
| Potion of Mana | 2 | |
| Potion of Lesser Invulnerability | 2 | |
| Scroll of Town Portal | 1 | |
| Potion of Healing | 1 | |
| Scroll of Regeneration | 1 | |
17 total
team 2 (winner)

»
TheDarkKnight00 (
red | 53 APM | 1017 actions | 19:21)
5 Demon Hunter
3 Mana Burn
2 Evasion
4 Priestess of the Moon
2 Trueshot Aura
2 Searing Arrows
» actions
| Assign group hotkey | 12 | |
| Basic commands | 44 | |
| Build / train | 44 | |
| ESC pressed | 2 | |
| Enter build submenu | 26 | |
| Enter hero's abilities submenu | 9 | |
| Give item / drop item | 1 | |
| Right click | 233 | |
| Select / deselect | 198 | |
| Select group hotkey | 416 | |
| Use ability | 32 | |
1017 total
» units
| Wisp | 13 | |
| Chimaera | 7 | |
| Goblin Shredder | 1 | |
| Hippogryph | 4 | |
25 total
» upgrades
| Strength of the Wild | 3 | |
| Reinforced Hides | 2 | |
| Corrosive Breath | 1 | |
6 total
» buildings
| Altar of Elders | 1 | |
| Moon Well | 8 | |
| Tree of Ages | 1 | |
| Tree of Eternity | 1 | |
| Ancient of Wind | 1 | |
| Tree of Life | 4 | |
| Hunter's Hall | 1 | |
| Chimaera Roost | 3 | |
| Ancient Protector | 3 | |
| Ancient of Wonders | 1 | |
24 total
» build order
00:05 Altar of Elders
00:26 Moon Well
01:54 Tree of Ages
02:11 Moon Well
02:53 Moon Well
05:04 Moon Well
05:06 Tree of Eternity
05:13 Ancient of Wind
06:04 Tree of Life
06:47 Hunter's Hall
06:53 Moon Well
07:33 Chimaera Roost
07:36 Chimaera Roost
07:38 Chimaera Roost
09:26 Ancient Protector
09:28 Ancient Protector
09:34 Ancient Protector
09:53 Moon Well
11:22 Tree of Life
14:05 Moon Well
14:33 Moon Well
15:06 Ancient of Wonders
17:42 Tree of Life
18:17 Tree of Life
Orvithine (
green | 72 APM | 1403 actions | 19:22)
5 Death Knight
2 Death Coil
3 Unholy Aura
» actions
| Assign group hotkey | 22 | |
| Basic commands | 18 | |
| Build / train | 69 | |
| ESC pressed | 1 | |
| Enter build submenu | 24 | |
| Enter hero's abilities submenu | 5 | |
| Right click | 480 | |
| Select / deselect | 299 | |
| Select group hotkey | 417 | |
| Use ability | 68 | |
1403 total
» units
| Acolyte | 11 | |
| Ghoul | 3 | |
| Crypt Fiend | 10 | |
| Obsidian Statue | 1 | |
| Goblin Shredder | 1 | |
| Abomination | 3 | |
29 total
» upgrades
| Creature Attack | 2 | |
| Unholy Armor | 3 | |
| Unholy Strength | 3 | |
| Web | 1 | |
| Disease Cloud | 1 | |
| Creature Carapace | 2 | |
| Ghoul Frenzy | 1 | |
| Destroyer Form | 1 | |
| Exhume Corpses | 1 | |
| Burrow | 1 | |
| Cannibalize | 1 | |
| Stone Form | 1 | |
18 total
» buildings
| Altar of Darkness | 2 | |
| Ziggurat | 8 | |
| Crypt | 2 | |
| Graveyard | 1 | |
| Tomb of Relics | 1 | |
| Nerubian Tower | 2 | |
| Spirit Tower | 5 | |
| Halls of the Dead | 1 | |
| Slaughterhouse | 2 | |
| Black Citadel | 1 | |
| Necropolis | 1 | |
| Sacrificial Pit | 1 | |
27 total
» build order
00:08 Altar of Darkness
00:11 Altar of Darkness
00:13 Ziggurat
00:34 Crypt
01:00 Graveyard
01:15 Tomb of Relics
01:38 Ziggurat
01:57 Nerubian Tower
02:56 Ziggurat
04:57 Spirit Tower
06:17 Halls of the Dead
06:49 Ziggurat
06:50 Ziggurat
06:51 Ziggurat
07:43 Spirit Tower
07:47 Spirit Tower
09:20 Slaughterhouse
09:21 Slaughterhouse
09:32 Spirit Tower
10:18 Black Citadel
10:30 Necropolis
10:33 Ziggurat
11:39 Nerubian Tower
16:08 Ziggurat
16:39 Crypt
17:56 Spirit Tower
18:12 Sacrificial Pit
» items
| Rod of Necromancy | 1 | |
| Potion of Healing | 3 | |
| Scroll of Town Portal | 2 | |
| Orb of Corruption | 1 | |
7 total

»
butterplug (
yellow | 34 APM | 649 actions | 19:21)
4 Blood Mage
2 Flame Strike
2 Banish
» actions
| Assign group hotkey | 9 | |
| Basic commands | 5 | |
| Build / train | 45 | |
| Enter build submenu | 14 | |
| Enter hero's abilities submenu | 4 | |
| Right click | 369 | |
| Select / deselect | 123 | |
| Select group hotkey | 44 | |
| Use ability | 36 | |
649 total
» units
» upgrades
| Gunpowder | 3 | |
| Armor | 2 | |
| Lumber Harvesting | 1 | |
| Flare | 1 | |
| Fragmentation Shards | 1 | |
8 total
» buildings
| Altar of Kings | 1 | |
| Farm | 8 | |
| Blacksmith | 1 | |
| Scout Tower | 1 | |
| Lumber Mill | 1 | |
| Arcane Tower | 1 | |
| Keep | 1 | |
| Arcane Vault | 1 | |
| Workshop | 2 | |
| Castle | 1 | |
18 total
» build order
00:13 Altar of Kings
00:23 Farm
01:11 Farm
01:47 Blacksmith
01:52 Farm
02:11 Scout Tower
02:29 Lumber Mill
02:50 Arcane Tower
03:01 Farm
03:28 Keep
05:17 Arcane Vault
06:02 Workshop
06:06 Workshop
08:11 Farm
08:41 Farm
09:01 Farm
11:26 Farm
11:52 Castle
» items
| Potion of Healing | 1 | |
| Potion of Mana | 1 | |
| Scroll of Town Portal | 1 | |
| Healing Salve | 1 | |
4 total
MasterOfNano (
purple | 59 APM | 1148 actions | 19:21)
5 Blademaster
3 Critical Strike
2 Wind Walk
3 Shadow Hunter
2 Healing Wave
1 Hex
» actions
| Build / train | 76 | |
| Enter build submenu | 18 | |
| Enter hero's abilities submenu | 8 | |
| Give item / drop item | 3 | |
| Remove unit from queue | 1 | |
| Right click | 727 | |
| Select / deselect | 286 | |
| Use ability | 29 | |
1148 total
» units
| Peon | 9 | |
| Grunt | 7 | |
| Goblin Shredder | 3 | |
| Wind Rider | 13 | |
| Shaman | 5 | |
| Kodo Beast | 1 | |
38 total
» upgrades
| Ranged Weapons | 3 | |
| Armor | 3 | |
| War Drums Damage Increase | 1 | |
| Envenomed Spears | 2 | |
| Shaman Training | 2 | |
| Melee Weapons | 1 | |
| Reinforced Defenses | 1 | |
| Spiked Barricades | 1 | |
| Witch Doctor Training | 1 | |
| Spirit Walker Training | 1 | |
16 total
» buildings
| Altar of Storms | 1 | |
| Orc Burrow | 8 | |
| Barracks | 1 | |
| War Mill | 1 | |
| Voodoo Lounge | 1 | |
| Great Hall | 1 | |
| Stronghold | 1 | |
| Fortress | 1 | |
| Beastiary | 1 | |
| Spirit Lodge | 1 | |
17 total
» build order
00:04 Altar of Storms
00:07 Orc Burrow
00:47 Barracks
01:16 Orc Burrow
02:17 Orc Burrow
02:51 War Mill
03:04 Voodoo Lounge
04:34 Great Hall
05:18 Stronghold
06:44 Orc Burrow
08:21 Fortress
09:39 Beastiary
10:00 Spirit Lodge
12:07 Orc Burrow
12:12 Orc Burrow
15:18 Orc Burrow
15:26 Orc Burrow
» items
| Potion of Healing | 2 | |
| Orb of Lightning | 2 | |
| Potion of Mana | 2 | |
6 total
Chat log
(00:10 / Allies) MasterOfNano: Hi
(00:14 / Allies) MasterOfNano: Units ??
(00:21 / Allies) MasterOfNano: Im making wind riders aHD SHAMANS
(00:23 / Allies) TheDarkKnight00: chimes
(00:26 / Allies) butterplug: morts
(00:32 / Allies) MasterOfNano: gOOD
(01:32 / Allies) MasterOfNano: Who got melee??
(01:40 / Allies) MasterOfNano: Green??
(01:43 / Allies) Orvithine: I will get aboms, sure
(01:44 / Allies) Orvithine: a little later
(01:47 / Allies) MasterOfNano: Kk
(01:49 / Allies) MasterOfNano: Good
(03:29 / Allies) MasterOfNano: Red come
(04:44 / Allies) TheDarkKnight00: help me
(04:46 / Allies) Orvithine: k omw
(04:54 / Allies) MasterOfNano: Cming
(05:07 / Allies) MasterOfNano: Build
(05:09 / Allies) MasterOfNano: Faster
(05:14 / Allies) TheDarkKnight00: umm
(05:16 / Allies) TheDarkKnight00: im on tier 3
(05:22 / Allies) MasterOfNano: :o
(05:23 / Allies) TheDarkKnight00: chimes coming
(05:27 / Allies) MasterOfNano: LOL
(05:29 / Allies) MasterOfNano: U Quick xD
(05:47 / Allies) butterplug: thats what she said
(06:37 / Allies) TheDarkKnight00: 'fuck
(06:39 / Allies) TheDarkKnight00: i need towers around me
(07:58 / Allies) TheDarkKnight00: wood for chimes please
(08:33 / Allies) TheDarkKnight00: i reall yfucking needed that shreeder purple grr
(08:43 / Allies) TheDarkKnight00: tptptpptpt
(08:48 / Allies) TheDarkKnight00: TPTPTPTPT
(09:03 / Allies) MasterOfNano: Meet Everyone
(09:31 / Allies) TheDarkKnight00: purple feed me wood
(09:40 / Allies) TheDarkKnight00: wow dude
(09:43 / Allies) TheDarkKnight00: yuo ustole my fucking wells
(09:46 / Allies) TheDarkKnight00: give me wood.
(09:58 / Allies) MasterOfNano: I dont have
(10:02 / Allies) TheDarkKnight00: dude
(10:10 / Allies) TheDarkKnight00: you're such a dick
(10:13 / Allies) TheDarkKnight00: you take my wells.
(10:18 / Allies) MasterOfNano: }
(10:25 / Allies) MasterOfNano: Lets clear that one
(10:26 / Allies) TheDarkKnight00: GIVE ME FUCKING WOOD FOR CHIMES DUDE.
(11:06 / Allies) MasterOfNano: LOL
(11:06 / Allies) TheDarkKnight00: goddammit green
(11:10 / Allies) MasterOfNano: Grren toom it xD
(11:11 / Allies) Orvithine: I will feed you wood
(11:45 / Allies) butterplug: meet?
(11:54 / Allies) MasterOfNano: For what??
(11:59 / Allies) butterplug: dinner
(12:03 / Allies) MasterOfNano: LOL
(12:49 / Allies) Orvithine: making aboms now
(13:16 / Allies) Orvithine: they are hitting
(13:20 / Allies) MasterOfNano: Lumber plz
(13:21 / Allies) MasterOfNano: ASAP
(14:21 / Allies) TheDarkKnight00: no one has fucking aa
(14:23 / Allies) TheDarkKnight00: green give me ogld...
(14:25 / Allies) MasterOfNano: They have anti air
(14:35 / Allies) TheDarkKnight00: 4000
(14:39 / Allies) Orvithine: well you told me to get melee
(14:44 / Allies) Orvithine: 4000 gold really? i dont even have that
(14:56 / Allies) TheDarkKnight00: you have 4000 i mean...
(14:57 / Allies) TheDarkKnight00: 3000
(15:00 / Allies) TheDarkKnight00: and you give me 400?
(15:06 / Allies) Orvithine: you have 1k banked
(15:07 / Allies) Orvithine: use it
(15:11 / Allies) Orvithine: before asking for more
(15:50 / Allies) TheDarkKnight00: GIVE ME GOLD NOW
(15:51 / Allies) MasterOfNano: Im almost Ready
(15:56 / Allies) Orvithine: I just gave you some
(15:57 / Allies) Orvithine: stfu
(15:59 / Allies) TheDarkKnight00: wow
(16:26 / Allies) Orvithine: i shouldnt be giving you any with how whiny you are
(16:41 / Allies) MasterOfNano: WTF
(16:44 / All) MasterOfNano: HOLY SHIT
(16:58 / Allies) Orvithine: not repairing?
(17:04 / All) MasterOfNano: WE HAVE NO AIR UNITS LOOOOOOL :)
(17:04 / Allies) TheDarkKnight00: no wisps
(17:08 / Allies) Orvithine: in your mine there was
(17:25 / Allies) TheDarkKnight00: now i need you to feed me gold
(17:29 / Allies) TheDarkKnight00: bc i have no fucking goldmine
(17:35 / Allies) Orvithine: you could have repaired
(17:49 / All) Orvithine: gg
(17:51 / All) MasterOfNano: GOOD JOB!
(18:06 / Allies) TheDarkKnight00: 300 g plz for another goldmine